 Dungeon Crawl Stone Soup version 0.28-a0-1638-g9123634e07 (webtiles) character file.

Game seed: 17875214048974245584

362277 fragbeetle the Scorcher (level 22, -1/193 HPs)
             Began as a Hill Orc Cinder Acolyte on Jan 25, 2022.
             Was a High Priest of Qazlal.
             Slain by an Executioner (6 damage)
             ... on level 4 of the Abyss on Jan 26, 2022.
             The game lasted 05:21:14 (70685 turns).

fragbeetle the Scorcher (Hill Orc Cinder Acolyte)  Turns: 70685, Time: 05:21:14

Health: -1/193     AC: 35    Str: 26    XL:     22   Next: 47%
Magic:  22/34      EV: 12    Int: 19    God:    Qazlal [*****.]
Gold:   1025       SH: 25    Dex: 23    Spells: 3/35 levels left

rFire   + + +      SeeInvis +   A - +8 war axe "Ivaqehiff" {freeze, Dex+5}
rCold   + . .      Faith    .   Q - +4 kite shield {AC+3}
rNeg    . . .      Spirit   .   g - +9 scale mail of Zaadghav {rPois rCorr Int+8 Dex+2}
rPois   +          Reflect  .   X - +2 hat {Will+}
rElec   +          Harm     .   m - +2 cloak
rCorr   +          Rampage  .   F - +2 pair of gloves {Stlth+}
Will    ++...      Clarity  +   V - +0 pair of boots of Terror {rF+ Str+2}
Stlth   +.........              v - amulet of Doubts {Regen+ SInv Stlth+}
HPRegen 0.00/turn               f - ring of fire
MPRegen 0.24/turn               p - ring of Esogedyo {Fly rF+ rC+ Int-5 Dex+4}

@: about to teleport, resistant, protected from electricity, sick, flying,
hasted, repel missiles, very quick
A: iridescent scales 1, agile 1, clarity, strong 1
}: 2/15 runes: barnacled, gossamer
a: Renounce Religion, Upheaval, Elemental Force, Disaster Area


You were on level 4 of the Abyss.
You worshipped Qazlal.
Qazlal was extremely pleased with you.
You visited 9 branches of the dungeon, and saw 40 of its levels.
You visited the Abyss 3 times.
You visited 3 bazaars.
You also visited: Ossuary and Gauntlet.

You collected 5802 gold pieces.
You spent 4777 gold pieces at shops.

Inventory:

Hand Weapons
 t - the +6 hunting sling of Cycizim {flame, rN+ Will+ Str+5}
   (You found it on level 3 of the Vaults)

   Any ammunition fired from it burns those it strikes, dealing additional fire
   damage.
   Str:       It affects your strength (+5).
   rN:        It protects you from negative energy.
   Will:      It increases your willpower.
 A - the +8 war axe "Ivaqehiff" (weapon) {freeze, Dex+5}
   (You took it off a deep elf demonologist on level 3 of the Elven Halls)

   It freezes those it strikes, dealing additional cold damage.
   It can also slow down cold-blooded creatures.
   Dex:       It affects your dexterity (+5).
 O - the +10 spear "Fyngoygh" {vorpal, rPois Stlth+}
   (You found it on level 7 of the Dungeon)

   It inflicts extra damage upon your enemies.
   rPois:     It protects you from poison.
   Stlth:     It makes you more stealthy.
 S - the +4 hand axe "Samei" {elec, *Noise rPois rF+ rN++ rCorr}
   (You found it on level 4 of the Shoals)

   It occasionally discharges a powerful burst of electricity upon striking a
   foe.
   rF:        It protects you from fire.
   rPois:     It protects you from poison.
   rN:        It greatly protects you from negative energy.
   *Noise:    It may make noises in combat.
   rCorr:     It protects you from acid and corrosion.
Missiles
 b - 13 throwing nets
 k - 7 silver javelins
 I - 8 curare-tipped darts
 M - 6 boomerangs of dispersal
Armour
 g - the +9 scale mail of Zaadghav (worn) {rPois rCorr Int+8 Dex+2}
   (You found it in a Gauntlet)

   Int:       It affects your intelligence (+8).
   Dex:       It affects your dexterity (+2).
   rPois:     It protects you from poison.
   rCorr:     It protects you from acid and corrosion.
 l - the +2 hat "Icvaetz" {rN+}
   (You found it in a Gauntlet)

   rN:        It protects you from negative energy.
 m - a +2 cloak (worn)
 x - a +0 cloak of willpower
 F - a +2 pair of gloves of stealth (worn)
 Q - a +4 kite shield of protection (worn)
 V - the +0 pair of boots of Terror (worn) {rF+ Str+2}
   (You acquired it on level 1 of the Lair of Beasts)

   Str:       It affects your strength (+2).
   rF:        It protects you from fire.
 X - a +2 hat of willpower (worn)
Jewellery
 d - the ring of Egall {rN+ Int+6}
   (You bought it in a shop in a bazaar)

   [ring of positive energy]

   Int:       It affects your intelligence (+6).
   rN:        It protects you from negative energy.
 f - a ring of fire (left hand)
 h - an amulet of reflection
 p - the ring of Esogedyo (right hand) {Fly rF+ rC+ Int-5 Dex+4}
   (You bought it in a shop in a bazaar)

   [ring of flight]

   Int:       It affects your intelligence (-5).
   Dex:       It affects your dexterity (+4).
   rF:        It protects you from fire.
   rC:        It protects you from cold.
   Fly:       It grants you flight.
 q - a ring of protection from cold
 r - the amulet "Dupsaul" {Acrobat Rampage}
   (You took it off a deep elf demonologist on level 3 of the Elven Halls)

   [amulet of the acrobat]

   It increases your evasion while moving and waiting.
   Rampage:   It bestows one free step when moving towards enemies.
 v - the amulet of Doubts (around neck) {Regen+ SInv Stlth+}
   (You acquired it on level 2 of the Shoals)

   [amulet of regeneration]

   SInv:      It lets you see invisible.
   Regen:     It increases your rate of health regeneration.
   Stlth:     It makes you more stealthy.
 T - a +4 ring of protection
Wands
 n - a wand of mindburst (13)
 w - a wand of acid (9)
 N - a wand of iceblast (21)
Scrolls
 a - 2 scrolls of teleportation
 e - 5 scrolls of fear
 i - 5 scrolls of silence
 o - 2 scrolls of blinking
 u - 5 scrolls of holy word
 y - 6 scrolls of fog
 J - 4 scrolls of magic mapping
 W - 3 scrolls of summoning
Potions
 c - 6 potions of haste
 j - 6 potions of curing
 B - 2 potions of brilliance
 C - 2 potions of cancellation
 D - 7 potions of might
 H - 8 potions of ambrosia
 L - 2 potions of resistance
 R - 2 potions of invisibility
 U - 3 potions of magic
 Y - 3 potions of berserk rage
Miscellaneous
 z - a phantom mirror
 E - a tin of tremorstones (2/2)
 P - a condenser vane


   Skills:
 - Level 15.4 Fighting
 * Level 13.7(15.7) Axes
 - Level 10.9(13.0) Polearms
 + Level 15.9 Armour
 - Level 4.3 Dodging
 + Level 12.3 Shields
 - Level 7.1 Spellcasting
 * Level 18.1 Conjurations
 * Level 13.5 Summonings
 - Level 19.1 Fire Magic
 - Level 4.5 Poison Magic
 - Level 16.0 Invocations


You had 3 spell levels left.
You knew the following spells:

 Your Spells              Type           Power      Damage    Failure   Level
a - Scorch                Fire           100%       2d10      1%          2
b - Mephitic Cloud        Conj/Pois/Air  35%        N/A       4%          3
c - Fireball              Conj/Fire      43%        3d17      1%          5
d - Sticky Flame          Conj/Fire      86%        2d10      1%          4
e - Spellforged Servitor  Conj/Summ      30%        N/A       41%         7
f - Flame Wave            Conj/Fire      86%        2d15      1%          4
g - Orb of Destruction    Conj           33%        9d10      19%         7

Your spell library contained the following spells:

 Spells                   Type           Power      Damage    Failure   Level
 Foxfire                  Conj/Fire      100%       2x1d9     1%          1
 Magic Dart               Conj           100%       1d8       1%          1
 Summon Small Mammal      Summ           100%       N/A       1%          1
 Call Imp                 Summ           55%        N/A       1%          2
 Searing Ray              Conj           100%       2d8       1%          2
 Static Discharge         Conj/Air       41%        N/A       1%          2
 Call Canine Familiar     Summ           55%        N/A       1%          3
 Conjure Flame            Conj/Fire      86%        6-21      1%          3
 Inner Flame              Hex/Fire       59%        N/A       1%          3
 Dazzling Flash           Conj/Hex       82%        N/A       2%          3
 Stone Arrow              Conj/Erth      82%        3d12      2%          3
 Ignite Poison            Fire/Tmut/Pois 53%        N/A       4%          3
 Summon Guardian Golem    Hex/Summ       32%        N/A       7%          3
 Sting                    Tmut/Pois      60%        1d6       14%         1
 Poisonous Vapours        Pois/Air       30%        N/A       22%         2
 Animate Skeleton         Necr           12%        N/A       34%         1
 Apportation              Tloc           12%        N/A       34%         1
 Pain                     Necr           24%        1d5       34%         1
 Sandblast                Erth           12%        2d6       34%         1
 Blink                    Tloc           12%        N/A       47%         2
 Corpse Rot               Necr/Air       12%        N/A       47%         2
 Passwall                 Tmut/Erth      5%         N/A       47%         2
 Sublimation of Blood     Necr           6%         N/A       47%         2
 Confusing Touch          Hex            6%         N/A       71%         3
 Portal Projectile        Hex/Tloc       12%        N/A       71%         3
 Tukima's Dance           Hex            6%         N/A       71%         3
 Starburst                Conj/Fire      43%        6d12      2%          6
 Fulminant Prism          Conj/Hex       20%        3d13      9%          4
 Iskenderun's Mystic Bla  Conj/Tloc      41%        2d9       9%          4
 Summon Cactus Giant      Summ           27%        N/A       21%         6
 Animate Armour           Summ/Erth      64%        N/A       22%         4
 Irradiate                Conj/Tmut      20%        3d20      24%         5
 Summon Forest            Summ/Tloc      16%        N/A       52%         5
 Summon Mana Viper        Hex/Summ       32%        N/A       52%         5
 Freezing Cloud           Conj/Ice/Air   14%        6-21      63%         5
 Ignition                 Fire           43%        3d13      67%         8
 Summon Hydra             Summ           27%        N/A       75%         7
 Conjure Ball Lightning   Conj/Air       20%        3x3d6     78%         6
 Iron Shot                Conj/Erth      20%        9d5       78%         6
 Anguish                  Hex/Necr       3%         N/A       98%         4
 Animate Dead             Necr           3%         N/A       98%         4
 Dispel Undead            Necr           6%         3d8       98%         4
 Passage of Golubria      Tloc           6%         N/A       98%         4
 Petrify                  Tmut/Erth      6%         N/A       98%         4
 Alistair's Intoxication  Tmut/Pois      10%        N/A       98%         5
 Agony                    Necr           6%         N/A       100%        5
 Blade Hands              Tmut           3%         N/A       100%        5
 Excruciating Wounds      Necr           3%         N/A       100%        5
 Lee's Rapid Deconstruct  Erth           3%         3d6*      100%        5
 Manifold Assault         Tloc           6%         N/A       100%        5
 Silence                  Hex/Air        3%         N/A       100%        5
 Yara's Violent Unravell  Hex/Tmut       3%         3d4       100%        5
 Death Channel            Necr           3%         N/A       100%        6
 Dispersal                Tloc           3%         N/A       100%        6
 Eringya's Noxious Bog    Tmut/Pois      7%         N/A       100%        6
 Enfeeble                 Hex            3%         N/A       100%        7
 Haunt                    Necr/Summ      16%        N/A       100%        7
 Malign Gateway           Summ/Tloc      16%        N/A       100%        7
 Storm Form               Tmut/Air       3%         N/A       100%        7
 Infestation              Necr           3%         N/A       100%        8
 Lehudib's Crystal Spear  Conj/Erth      20%        10d6      100%        8


Dungeon Overview and Level Annotations

Branches:
Dungeon (15/15)            Temple (1/1) D:6            Lair (6/6) D:11
 Shoals (4/4) Lair:2       Spider (4/4) Lair:4        Slime (0/5) Lair:6
    Orc (2/2) D:12            Elf (3/3) Orc:2        Vaults (4/5) D:13
  Crypt (0/3) Vaults:3     Depths (1/4) D:15        Ossuary (visited)
Gauntlet (visited)

Altars:
Ashenzari
Cheibriados
Dithmenos
Elyvilon
Fedhas
Gozag
Hepliaklqana
Kikubaaqudgha
Makhleb
Nemelex Xobeh
Okawaru
Qazlal
Ru
Sif Muna
Trog
Uskayaw
Vehumet
Wu Jian
Xom
Yredelemnul
Zin
The Shining One
Beogh

Shops:
D:1 [:(=   D:8 =   D:10 (   Orc:2 ****   Elf:1 [   Shoals:1 (   Shoals:2 ?
Shoals:4 (   Vaults:1 *

Portals:
Hell: Depths:1
Trove: D:11 (give 14 potions of curing)

Annotations:
Shoals:2 2 runed translucent doors, freelancePsychic's ghost, adept FoFi
Vaults:4 exclusion: 4 downstairs


Innate Abilities, Weirdness & Mutations

You are partially covered in iridescent scales. (AC +2)
You are agile. (Dex +2)
You possess an exceptional clarity of mind.
Your muscles are strong. (Str +2)


Message History

You block the thrashing horror's attack.
The thrashing horror tramples you but does no damage.
The raiju bursts into living lightning!
The living lightning hits the thrashing horror.
The thrashing horror resists.
The living lightning hits you but does no damage.
You feel more protected from electricity.
The raiju blinks! x3
You slash the thrashing horror!
The thrashing horror is heavily damaged.
You hit the Executioner.
You hear a bark!
The Executioner hits you but does no damage.
You block the Executioner's attack.
The Executioner hits you but does no damage.
You block the thrashing horror's attack.
The thrashing horror tramples you but does no damage.
You block the Executioner's attack.
The Executioner hits you but does no damage.
You block the Executioner's attack.
Casting: Flame Wave (safe; 1% risk of failure)
Confirm with . or Enter, or press ? or * to list all spells.
Casting: Flame Wave (safe; 1% risk of failure)
Press: ? - help, Dir - look around, f - activate You feel a surge of power!
A wave of flame ripples out!
The flame wave engulfs the thrashing horror!
The thrashing horror resists.
The thrashing horror is severely damaged.
The flame wave engulfs the Executioner!
The Executioner resists.
The Executioner is heavily wounded. (Press . to intensify the flame waves.)
You block the Executioner's attack. x3
You block the thrashing horror's attack.
The thrashing horror barely misses you. The Executioner hits you!
* * * LOW HITPOINT WARNING * * *
The Executioner hits you but does no damage.
The Executioner hits you!
* * * LOW HITPOINT WARNING * * *
The Executioner hits you.
You die...

# #.3# ..#
#..... # #.# #
... .#Xh####
#.### # #
.#1h## ###...#
## . . #h#...##
. ##....
..#.ยง.##
#.###..#...#hX#
##.... .####X1#
. #.#.##.
.#@##. # # .
###. # ## ##
#.# .##. . .# #
. 1 # # . #.#
#. .. #. .. .
## . # # .. .#
.# # ## #. . .
##.. #


You could see an Executioner (fast), 2 thrashing horrors and a raiju.

Vanquished Creatures
  Boris (twice) (Vaults:4 Depths:1)
  Sojobo (Vaults:2)
  Bai Suzhen (Vaults:3)
  Margery (Vaults:3)
  Nikola (Spider:2)
  Arachne (Spider:1)
  Rupert (D:12)
  A lich (Abyss:3)
  2 deep elf blademasters (Elf:3)
  3 deep elf master archers (Elf:3)
  4 krakens (Shoals:3)
  Polyphemus (Shoals:2)
  4 tentacled starspawn
  A sphinx (Vaults:2)
  Gastronok (Lair:1)
  2 tengu reavers (Vaults:2)
  Ilsuiw (Shoals:2)
  4 emperor scorpions
  Aizul (Shoals:2)
  5 deep elf sorcerers (Elf:3)
  An orc warlord (Vaults:1)
  9 vault wardens
  4 ghost moths
  3 deep elf elementalists (Elf:3)
  2 stone giants (Depths:1)
  2 war gargoyles
  6 very ugly things
  2 broodmothers
  10 ironbound preservers
  4 ironbound thunderhulks
  4 deep elf demonologists (Elf:3)
  A vampire knight (Depths:1)
  A minotaur (Gauntlet)
  4 dire elephants (Vaults:4)
  7 deep elf annihilators
  The ghost of Kailexub the Peltast, a journeyman MiFi of Cheibriados (D:13)
  8 entropy weavers
  3 spark wasps
  2 deep elf death magi
  A green death (Abyss:2)
  An ettin (Depths:1)
  8 merfolk impalers
  3 great orbs of eyes
  6 merfolk javelineers
  5 yaktaur captains
  A deep elf high priest (Elf:3)
  2 fire dragons
  2 ice dragons (Depths:1)
  9 vault guards
  4 boulder beetles
  11 hydras
  A jorogumo (Spider:4)
  2 peacekeepers
  7 merfolk avatars
  11 centaur warriors
  2 radroaches
  6 merfolk aquamancers
  Erica (D:8)
  An ogre mage (D:15)
  A deep troll shaman (Lair:6)
  A spriggan skeleton (Abyss:3)
  3 catoblepae
  23 dancing weapons
  5 ironbound frosthearts
  12 two-headed ogres
  A hell hog (Abyss:3)
  An alligator snapping turtle (Shoals:4)
  7 death scarabs (Spider:4)
  11 death yaks
  4 thrashing horrors
  3 deep troll earth magi (Depths:1)
  A spectral emperor scorpion (Spider:4)
  4 tengu warriors
  10 hell knights
  3 orc high priests (Orc:2)
  Sonja (Lair:2)
  A sun demon (Abyss:4)
  12 deep elf knights
  6 wretched stars
  3 sun moths
  6 pharaoh ants
  3 skeletal warriors
  A glowing orange brain (Vaults:2)
  3 steelbarb worms
  3 iron trolls
  A sixfirhy (Abyss:3)
  9 orb spiders
  6 sea snakes
  39 deep trolls
  A flayed ghost (Abyss:3)
  2 anaconda zombies (Abyss:3)
  7 wizards
  17 ironbound convokers
  A lindwurm (shapeshifter) (D:14)
  A spectral jorogumo (Spider:4)
  10 lindwurms
  An obsidian statue (Gauntlet)
  5 harpies (Shoals:4)
  An orange crystal statue (Vaults:2)
  3 wolf spider zombies (Spider:4)
  10 orc knights
  7 necromancers
  9 deep elf archers
  A faun (Shoals:1)
  30 deep elf pyromancers
  14 manticores
  22 deep elf zephyrmancers
  4 orc sorcerers
  31 ugly things
  3 cyclopes
  9 wolf spiders
  A will-o-the-wisp (Abyss:3)
  4 moths of wrath
  2 ice statues
  15 elephants
  10 merfolk sirens
  9 black mambas
  6 torpor snails
  18 vault sentinels
  A naga mage (D:15)
  2 smoke demons (Abyss:3)
  A yaktaur zombie (Vaults:4)
  2 water nymphs
  A minotaur zombie (Gauntlet)
  5 demonic crawlers
  Psyche (D:10)
  24 cane toads
  6 rime drakes
  A kobold demonologist (D:13)
  2 centaur skeletons (D:15)
  An ancient zyme (Abyss:4)
  14 komodo dragons
  A spectral redback (Spider:4)
  43 yaktaurs
  A freezing wraith (Vaults:3)
  4 tengu conjurers
  An anaconda simulacrum (Abyss:2)
  34 merfolk
  A queen bee (Lair:2)
  11 meliai
  6 polar bears
  12 wind drakes
  3 spectral tarantellas (Spider:4)
  5 trolls
  13 hornets
  2 spectral jumping spiders (Spider:4)
  33 blink frogs
  2 jumping spider zombies (Spider:4)
  A sphinx simulacrum (Vaults:2)
  A meliai zombie (D:9)
  3 spectral culicivoras (Spider:4)
  19 tarantellas
  7 snapping turtles
  4 dream sheep (Shoals:4)
  32 slime creatures
  2 culicivora zombies (Spider:4)
  3 tarantella zombies (Spider:4)
  A human simulacrum (Vaults:4)
  A flying skull (Vaults:3)
  2 shadows
  2 air elementals
  20 jumping spiders
  A culicivora (shapeshifter) (Elf:3)
  2 ynoxinuls
  Sigmund (D:6)
  18 culicivoras
  A centaur simulacrum (D:15)
  A wraith (D:14)
  12 spriggans (Lair:3)
  5 wyverns
  48 yaks
  7 basilisks
  Eustachio (D:6)
  10 water elementals
  A vampire (D:11)
  An elf simulacrum (Vaults:4)
  13 fire elementals
  A chaos spawn (Abyss:3)
  4 neqoxecs (Abyss:3)
  A steam dragon (D:8)
  Grum (D:10)
  71 redbacks
  12 vampire mosquitoes
  2 wargs (Orc:1)
  Edmund (D:6)
  15 large abominations
  2 acid dragons
  9 water moccasins
  A hornet zombie (D:4)
  24 orc warriors
  2 ice beasts
  4 black bears
  A necrophage (D:5)
  2 sky beasts
  3 boggarts (Lair:3)
  25 wolves
  13 centaurs
  5 ogres
  A phantom (D:4)
  4 kobold brigands
  2 gnoll sergeants (D:8)
  An elf zombie (D:6)
  12 bullfrogs
  4 scorpions
  2 earth elementals (Elf:1)
  12 small abominations
  A hornet simulacrum (D:15)
  29 killer bees
  5 howler monkeys
  18 starcursed masses
  A quasit (Abyss:3)
  3 centaur zombies
  5 jellies
  2 gnoll shamans
  16 orc priests
  9 hounds
  A human zombie (D:6)
  4 iron imps
  2 human skeletons (D:6)
  An iguana (D:5)
  19 orc wizards
  2 killer bee zombies
  A hound zombie (Ossuary)
  4 mummies (Ossuary)
  Robin (D:4)
  27 gnolls
  5 adders
  2 shadow imps
  2 white imps
  5 ufetubi
  An adder zombie (Ossuary)
  A dart slug (D:3)
  79 orcs
  11 endoplasms
  4 giant cockroaches
  2 gnoll zombies (Ossuary)
  12 goblins
  6 hobgoblins
  7 jackals (D:8)
  3 quokkas
  4 ball pythons
  5 bats
  5 frilled lizards
  2 jackal zombies (Ossuary)
  13 kobolds
  2 kobold zombies (Ossuary)
  An orc skeleton (D:6)
  2 orc zombies
  22 rats
  3 rat zombies (Ossuary)
  A bush (Lair:6)
  4 lurking horrors
  4 starspawn tentacles
  10 tentacles (Shoals:3)
1693 creatures vanquished.

Vanquished Creatures (collateral kills)
  A deep elf master archer (Elf:3)
  A ghoul (Vaults:3)
  A hell knight (Vaults:3)
  A skeletal warrior (Vaults:3)
  A necromancer (Vaults:3)
5 creatures vanquished.

Vanquished Creatures (others)
  A merfolk javelineer (Shoals:4)
  A merfolk aquamancer (Shoals:3)
  A tengu warrior (Depths:1)
  A death yak (Lair:6)
  A deep elf zephyrmancer (Elf:1)
  2 deep elf pyromancers (Elf:3)
  An ugly thing (Vaults:1)
  A cane toad (Lair:1)
  A yaktaur (Vaults:4)
  A blink frog (Lair:1)
  A slime creature (Vaults:2)
  2 jumping spiders (Spider:2)
  A water elemental (Shoals:4)
  An orc wizard (D:4)
  An orc (D:8)
  3 demonic plants (Gauntlet)
  4 foxfires (Abyss:3)
  41 fungi
  149 plants
  19 starspawn tentacles
  29 tentacles (Shoals:3)
262 creatures vanquished.

Grand Total: 1960 creatures vanquished

Notes
Turn   | Place    | Note
-------+----------+-------------------------------------------
     0 | D:1      | fragbeetle the Hill Orc Cinder Acolyte began the quest for
                  | the Orb.
     0 | D:1      | Reached XP level 1. HP: 19/19 MP: 2/2
   245 | D:1      | Found a shadowy altar of Dithmenos.
   278 | D:1      | Found Ofayzo's Antique Armour Emporium.
   294 | D:1      | Found Nugisa's Book Emporium.
   333 | D:1      | Found Eqaraol's Jewellery Shoppe.
   461 | D:1      | Found Vikaoxighu's Antique Weapon Shop.
   468 | D:1      | Reached XP level 2. HP: 18/27 MP: 3/3
   946 | D:2      | Learned a level 2 spell: Scorch
  1310 | D:2      | Reached XP level 3. HP: 33/33 MP: 4/4
  1936 | D:3      | Noticed a black bear
  1946 | D:2      | Killed a black bear
  1947 | D:2      | Reached skill level 5 in Axes
  1947 | D:2      | Reached skill level 1 in Armour
  1947 | D:2      | Reached skill level 4 in Fire Magic
  1947 | D:2      | Reached XP level 4. HP: 12/40 MP: 0/6
  1947 | D:2      | Reached XP level 5. HP: 14/46 MP: 0/7
  2404 | D:3      | Reached XP level 6. HP: 16/53 MP: 5/8
  2824 | D:3      | Found a faded altar of an unknown god.
  3206 | D:4      | Noticed Robin
  3238 | D:4      | Killed Robin
  3239 | D:4      | Reached skill level 5 in Fire Magic
  3987 | D:4      | Reached XP level 7. HP: 58/60 MP: 10/10
  4158 | D:4      | Found a sparkling altar of Nemelex Xobeh.
  4228 | D:4      | Learned a level 3 spell: Mephitic Cloud
  4630 | D:4      | Reached skill level 5 in Fighting
  4699 | D:4      | Reached skill level 1 in Conjurations
  5250 | D:5      | Entered Level 5 of the Dungeon
  5282 | D:5      | Reached XP level 8. HP: 68/68 MP: 11/11
  5352 | D:5      | Reached skill level 6 in Fire Magic
  5608 | D:5      | Identified the +1 robe of the Six Glowing Demons {Will-
                  | Regen+ Int+8 Dex+8}
  5854 | D:5      | Found a basalt altar of Yredelemnul.
  6370 | D:6      | Noticed Sigmund
  6412 | D:6      | Killed Sigmund
  6591 | D:6      | Reached skill level 7 in Fire Magic
  6630 | D:6      | Reached XP level 9. HP: 70/75 MP: 13/13
  6649 | D:6      | Found a sand-covered staircase.
  6695 | Ossuary  | Entered an ossuary
  6961 | D:6      | Noticed Edmund
  6965 | D:6      | Killed Edmund
  7172 | D:6      | Learned a level 3 spell: Summon Guardian Golem
  7172 | D:6      | Noticed Eustachio
  7256 | D:6      | Killed Eustachio
  7262 | D:6      | Reached skill level 5 in Conjurations
  7359 | D:6      | Found a white marble altar of Elyvilon.
  7407 | D:6      | Found a staircase to the Ecumenical Temple.
  7421 | Temple   | Entered the Ecumenical Temple
  8185 | D:7      | Found Zin's Purification Station.
  8190 | D:7      | Found a glowing silver altar of Zin.
  8193 | D:7      | Bought a potion of curing for 90 gold pieces
  8465 | D:7      | Identified the +10 spear "Fyngoygh" {vorpal, rPois Stlth+}
  8478 | D:7      | Reached skill level 8 in Fire Magic
  8701 | D:8      | Reached skill level 1 in Polearms
  8704 | D:8      | Reached skill level 5 in Armour
  8812 | D:8      | Reached XP level 10. HP: 86/86 MP: 15/15
  8823 | D:8      | Noticed Erica
  8870 | D:8      | Learned a level 4 spell: Sticky Flame
  9286 | D:9      | Noticed a manticore
  9527 | D:8      | Found Suwkutzust's Jewellery Emporium.
 10153 | D:9      | Learned a level 3 spell: Ignite Poison
 10198 | D:10     | Entered Level 10 of the Dungeon
 10207 | D:10     | Noticed Grum
 10280 | D:10     | Killed Grum
 10476 | D:10     | Reached skill level 1 in Dodging
 10476 | D:10     | Reached skill level 1 in Summonings
 10484 | D:10     | Reached skill level 9 in Fire Magic
 10844 | D:10     | Reached XP level 11. HP: 61/94 MP: 15/17
 10902 | D:10     | Noticed Psyche
 10906 | D:10     | Killed Psyche
 10907 | D:10     | Reached skill level 5 in Polearms
 11069 | D:10     | Found Ovyz's Antique Weapon Emporium.
 11078 | D:10     | Bought a faintly glowing hand axe for 224 gold pieces
 11078 | D:10     | Identified the +6 hand axe "Ywiaroul" {speed, Contam rC-
                  | Int+10 SInv} (You bought it in a shop on level 10 of the
                  | Dungeon)
 11303 | D:11     | Noticed a six-headed hydra
 11314 | D:11     | Killed a one-headed hydra
 11369 | D:11     | Found a staircase to the Lair.
 11469 | D:11     | Noticed a two-headed ogre
 11479 | D:11     | Noticed a two-headed ogre
 11641 | D:11     | Killed a two-headed ogre
 11841 | D:11     | Reached skill level 10 in Fire Magic
 11917 | D:11     | Found a portal to a secret trove of treasure.
 12009 | D:11     | Identified the +2 hand axe of Civorezi {speed, rElec Str-5
                  | Dex+4}
 12044 | D:11     | Learned a level 4 spell: Flame Wave
 12233 | D:11     | Killed a two-headed ogre
 12789 | Lair:1   | Entered Level 1 of the Lair of Beasts
 13068 | Lair:1   | Noticed Gastronok
 13086 | Lair:1   | Killed Gastronok
 13112 | Lair:1   | HP: 1/95 [komodo dragon (18)]
 13285 | Lair:1   | Reached XP level 12. HP: 49/103 MP: 12/19
 13406 | Lair:1   | Reached skill level 5 in Spellcasting
 14328 | Lair:2   | Noticed a four-headed hydra
 14343 | Lair:2   | Killed a one-headed hydra
 14437 | Lair:2   | Reached skill level 11 in Fire Magic
 14552 | Lair:2   | Noticed a five-headed hydra
 14566 | Lair:2   | Killed a one-headed hydra
 15361 | Lair:2   | Found a staircase to the Shoals.
 15381 | Lair:2   | Noticed Sonja
 15395 | Lair:2   | Killed Sonja
 15747 | Lair:2   | Reached XP level 13. HP: 109/111 MP: 2/21
 16404 | Lair:3   | Reached skill level 5 in Summonings
 16665 | Lair:3   | Reached skill level 12 in Fire Magic
 16721 | Lair:3   | Reached skill level 1 in Shields
 16721 | Lair:3   | Reached skill level 10 in Conjurations
 17499 | Lair:1   | Upgraded the game from 0.28-a0-1629-gf728b707aa to
                  | 0.28-a0-1638-g9123634e07
 17849 | Lair:3   | Reached skill level 10 in Fighting
 18823 | Lair:4   | Found a gate leading to a gauntlet.
 18840 | Lair:4   | Reached skill level 13 in Fire Magic
 18996 | Lair:4   | HP: 5/113 [boulder beetle (19)]
 19004 | Gauntlet | Entered a Gauntlet
 19004 | Gauntlet | Found a transporter.
 19004 | Gauntlet | Found a transporter.
 19004 | Gauntlet | Found a transporter.
 19093 | Gauntlet | Found a transporter.
 19094 | Gauntlet | Found a transporter.
 19097 | Gauntlet | Found a transporter.
 19105 | Gauntlet | Found a transporter.
 19106 | Gauntlet | Found a transporter.
 19108 | Gauntlet | Found a transporter.
 19108 | Gauntlet | Found a transporter.
 19116 | Gauntlet | Found a transporter.
 19116 | Gauntlet | Found a transporter.
 19389 | Gauntlet | Identified the +9 scale mail of Zaadghav {rPois rCorr Int+8
                  | Dex+2}
 19424 | Gauntlet | Identified the +2 hat "Icvaetz" {rN+}
 19455 | Gauntlet | Noticed a minotaur
 19474 | Gauntlet | Killed a minotaur
 19475 | Gauntlet | Reached skill level 10 in Polearms
 19475 | Gauntlet | Reached XP level 14. HP: 78/121 MP: 5/23
 19746 | Lair:4   | Found a sacrificial altar of Ru.
 20019 | Lair:4   | Reached skill level 1 in Poison Magic
 20109 | Lair:4   | Found a hole to the Spider Nest.
 21067 | Lair:5   | Identified the +0 pair of gloves of the Thunderstorm {-Cast
                  | Dex+3 Stlth+}
 21387 | Lair:5   | Reached skill level 14 in Fire Magic
 22746 | D:8      | Killed Erica
 22966 | D:8      | Gained mutation: Your magical capacity is low. (-10% MP)
                  | [mutagenic glow]
 23122 | Lair:1   | Lost mutation: Your magical capacity is low. (-10% MP)
                  | [potion of mutation]
 23122 | Lair:1   | Gained mutation: You possess an exceptional clarity of
                  | mind. [potion of mutation]
 23122 | Lair:1   | Gained mutation: Your muscles are strong. (Str +2) [potion
                  | of mutation]
 23122 | Lair:1   | Gained mutation: You are partially covered in iridescent
                  | scales. (AC +2) [potion of mutation]
 23122 | Lair:1   | Gained mutation: You are agile. (Dex +2) [potion of
                  | mutation]
 23497 | D:12     | Found a staircase to the Orcish Mines.
 23522 | D:12     | Noticed Rupert
 23554 | D:12     | Killed Rupert
 23974 | D:12     | Found a sacrificial altar of Ru.
 24664 | D:8      | Bought a ring of flight for 227 gold pieces
 25182 | Lair:6   | Entered Level 6 of the Lair of Beasts
 25206 | Lair:5   | Reached skill level 15 in Fire Magic
 25301 | Lair:5   | Reached XP level 15. HP: 95/129 MP: 12/24
 25774 | Lair:6   | Reached skill level 5 in Shields
 26862 | Lair:6   | Reached skill level 10 in Armour
 26910 | Lair:6   | Reached skill level 16 in Fire Magic
 27515 | Lair:6   | Found a staircase to the Slime Pits.
 28072 | Temple   | Fell from the grace of Ignis
 28072 | Temple   | Became a worshipper of Qazlal Stormbringer
 28554 | D:13     | Noticed Kailexub's ghost (journeyman MiFi)
 28556 | D:13     | Found a bloodstained altar of Trog.
 28574 | D:13     | Found a transporter.
 28980 | D:13     | Found a transporter.
 29092 | D:13     | Found a gate to the Vaults.
 29860 | D:13     | You fall into a shaft and drop 2 floors!
 29860 | D:15     | Entered Level 15 of the Dungeon
 29862 | D:15     | Reached * piety under Qazlal
 29934 | D:15     | Found a flickering gateway to a bazaar.
 29943 | Bazaar   | Entered a bazaar
 29943 | Bazaar   | Found Ykhotup's Armour Emporium.
 29943 | Bazaar   | Found Povoggee's Armour Shop.
 29943 | Bazaar   | Found Doguuf's Assorted Antiques.
 29945 | Bazaar   | Found Ellats's Antique Armour Boutique.
 29945 | Bazaar   | Found Aholis's Book Shoppe.
 29990 | Bazaar   | Bought a book of Dangerous Friends for 440 gold pieces
 29990 | Bazaar   | Bought a book of Fire for 484 gold pieces
 29995 | Bazaar   | Bought a bronze ring mail for 180 gold pieces
 29995 | Bazaar   | Identified the +0 ring mail "Keum Vee" {rPois Will- rCorr
                  | Str+4} (You bought it in a shop in a bazaar)
 29995 | Bazaar   | Bought a brightly glowing ring mail for 180 gold pieces
 29995 | Bazaar   | Identified the +1 ring mail "Heduhoka" {Int+4 SInv} (You
                  | bought it in a shop in a bazaar)
 30042 | D:14     | Reached XP level 16. HP: 117/139 MP: 8/25
 30198 | D:14     | Learned a level 7 spell: Orb of Destruction
 30291 | D:14     | You fall into a shaft and drop 1 floor!
 30370 | D:14     | You fall into a shaft and drop 1 floor!
 30402 | D:14     | Reached ** piety under Qazlal
 30406 | D:14     | You fall into a shaft and drop 1 floor!
 31681 | D:14     | Reached skill level 17 in Fire Magic
 33175 | D:15     | Found a staircase to the Depths.
 33183 | D:15     | Reached *** piety under Qazlal
 33214 | D:15     | Was forgiven by Ignis
 33389 | Orc:1    | Entered Level 1 of the Orcish Mines
 33520 | Orc:1    | Found a roughly hewn altar of Beogh.
 33977 | Orc:2    | Entered Level 2 of the Orcish Mines
 34343 | Orc:2    | Reached **** piety under Qazlal
 34352 | Orc:2    | Reached skill level 1 in Invocations
 35250 | Orc:2    | Found a staircase to the Elven Halls.
 35438 | Orc:2    | Found Zenwar's Assorted Antiques.
 35438 | Orc:2    | Found Wixu's Assorted Antiques.
 35440 | Orc:2    | Found Sewyon's Assorted Antiques.
 35440 | Orc:2    | Found Cezaujad's Assorted Antiques.
 35451 | Orc:2    | Bought a scroll of blinking for 210 gold pieces
 35453 | Orc:2    | Bought a potion of heal wounds for 135 gold pieces
 35462 | Orc:2    | Bought a runed cloak for 187 gold pieces
 35798 | D:1      | Bought an amulet of reflection for 420 gold pieces
 36177 | Spider:1 | Entered Level 1 of the Spider Nest
 37192 | Spider:2 | Noticed Arachne
 37193 | Spider:2 | Noticed Nikola
 38286 | Spider:1 | Killed Arachne
 38661 | Spider:2 | Reached XP level 17. HP: 147/148 MP: 26/26
 38697 | Spider:2 | Reached skill level 5 in Invocations
 39121 | Spider:2 | Killed Nikola
 39887 | Spider:2 | Got the Guide on Poisoning
 41152 | Spider:3 | Reached ***** piety under Qazlal
 42581 | Spider:4 | Entered Level 4 of the Spider Nest
 44729 | Spider:4 | Reached XP level 18. HP: 109/157 MP: 6/27
 44836 | Spider:4 | Identified a scroll of acquirement
 45093 | Spider:4 | Got a gossamer rune of Zot
 45453 | Lair:1   | Acquired the +0 pair of boots of Terror {rF+ Str+2}
 45519 | Lair:1   | Learned a level 5 spell: Fireball
 45671 | Shoals:1 | Entered Level 1 of the Shoals
 45705 | Shoals:1 | Found Ifouv's Weapon Shop.
 45732 | Shoals:1 | Found a flickering gateway to a bazaar.
 45741 | Bazaar   | Entered a bazaar
 45817 | Bazaar   | Found Vumeud's Jewellery Emporium.
 45825 | Bazaar   | Found Tawn's Distillery.
 45848 | Bazaar   | Bought a potion of curing for 27 gold pieces
 45878 | Bazaar   | Found Huconeg's Jewellery Shoppe.
 45897 | Bazaar   | Found Lassoofa's Antique Armour Boutique.
 45949 | Bazaar   | Bought the ring of Esogedyo {Fly rF+ rC+ Int-5 Dex+4} for
                  | 436 gold pieces
 45977 | Bazaar   | Bought a brightly glowing leather armour for 133 gold
                  | pieces
 45977 | Bazaar   | Identified the +1 leather armour of Yriffa {rElec rCorr
                  | Str+4} (You bought it in a shop in a bazaar)
 47058 | Shoals:2 | Noticed Ilsuiw
 47368 | Shoals:2 | Found Tybap's Magic Scroll Shoppe.
 47385 | Shoals:2 | Bought a scroll of teleportation for 51 gold pieces
 47385 | Shoals:2 | Bought a scroll of blinking for 127 gold pieces
 47385 | Shoals:2 | Bought a scroll of magic mapping for 59 gold pieces
 47406 | Shoals:2 | Found a large runed translucent door.
 47406 | Shoals:2 | Found a large runed translucent door.
 47412 | Shoals:2 | Noticed Aizul
 47436 | Shoals:2 | Killed Aizul
 47654 | Shoals:2 | Killed Ilsuiw
 47655 | Shoals:2 | Reached skill level 15 in Conjurations
 47885 | Shoals:2 | Noticed freelancePsychic's ghost (adept FoFi)
 48689 | Shoals:3 | Noticed Polyphemus
 48710 | Shoals:3 | Reached skill level 18 in Fire Magic
 48724 | Shoals:2 | Killed Polyphemus
 49431 | Shoals:2 | Acquired the amulet of Doubts {Regen+ SInv Stlth+}
 49717 | Shoals:3 | Reached skill level 10 in Invocations
 49758 | Shoals:3 | Found a runed translucent door.
 50444 | Shoals:3 | Reached ****** piety under Qazlal
 50650 | Shoals:4 | Entered Level 4 of the Shoals
 51063 | Shoals:4 | Reached XP level 19. HP: 142/167 MP: 9/28
 51193 | Shoals:4 | Got a barnacled rune of Zot
 51382 | Shoals:4 | Found Suoluuss's Antique Weapon Shop.
 51681 | Shoals:4 | Reached skill level 10 in Summonings
 51803 | Shoals:4 | Identified the +4 hand axe "Samei" {elec, *Noise rPois rF+
                  | rN++ rCorr}
 52706 | Elf:1    | Entered Level 1 of the Elven Halls
 53018 | Elf:1    | Got Woaf Uzy's Handbook of Battle Magic
 53040 | Elf:1    | Reached skill level 10 in Shields
 53594 | Elf:1    | Found Hydixu's Antique Armour Shop.
 53599 | Elf:1    | Bought a glowing helmet for 292 gold pieces
 54633 | Elf:2    | Found a runed translucent gate.
 54633 | Elf:2    | Found a runed translucent gate.
 54633 | Elf:2    | Found a runed translucent gate.
 55453 | Elf:2    | Cast into level 3 of the Abyss (+3 battleaxe of distortion)
 55453 | Abyss:3  | Found a corrupted altar of Lugonu.
 55615 | Abyss:3  | Noticed a tentacled monstrosity
 55754 | Abyss:3  | Noticed a profane servitor
 55767 | Abyss:3  | Paralysed by accursed screaming for 1 turns
 55931 | Abyss:3  | Found a corrupted altar of Lugonu.
 56163 | Abyss:3  | HP: 6/134 [white draconian stormcaller/divine providence
                  | (14)]
 56199 | Elf:2    | Escaped the Abyss
 56903 | Elf:3    | Entered Level 3 of the Elven Halls
 56915 | Elf:3    | Identified the +4 ring mail "Guor" {Contam rN++}
 57614 | Elf:3    | Cast into level 3 of the Abyss (a deep elf sorcerer)
 57860 | Elf:3    | Escaped the Abyss
 57891 | Elf:3    | Reached XP level 20. HP: 124/176 MP: 7/29
 58206 | Elf:3    | Identified the +8 halberd of Accord {holy, rF+ Str+5 SInv}
 58616 | Elf:3    | Identified the +8 scimitar of the Devouring Fool {pain,
                  | rPois rF++}
 58801 | Elf:3    | Identified the +7 scythe of the Mushroom {antimagic, Will+}
 58965 | Elf:3    | Identified the +8 war axe "Ivaqehiff" {freeze, Dex+5}
 58965 | Elf:3    | Identified the amulet "Dupsaul" {Acrobat Rampage}
 59004 | Elf:3    | Identified the +1 leather armour of Teaxix {-Tele Str+4}
 59120 | Elf:3    | Got Goiluvus's Handbook of the Entourage and Dislocation
 59122 | Elf:3    | Identified the +5 ring mail "Zeozytiu" {Will+}
 59124 | Elf:3    | Identified the +0 scale mail of Bedevilment {Will+ Int+6}
 59135 | Elf:3    | Got the Grimoire of Unholy Secrets and Battle Magic
 59212 | Elf:3    | Identified the +6 hunting sling "Butokh" {venom, rC+ rN++}
 59250 | Elf:3    | Identified the +4 ring mail of the Fiddle {Rampage}
 59263 | Elf:3    | Got Nifued's Volume of the Mountains and the Escort
 59743 | D:13     | Reached skill level 15 in Armour
 60036 | D:13     | Killed Kailexub's ghost
 60160 | Orc:2    | Bought a glowing war axe for 162 gold pieces
 60318 | Lair:1   | Learned a level 7 spell: Spellforged Servitor
 60409 | Vaults:1 | Entered Level 1 of the Vaults
 60496 | Vaults:1 | Found Siquz's General Store.
 60502 | Vaults:1 | Bought a potion of might for 48 gold pieces
 60648 | Vaults:1 | Reached skill level 10 in Axes
 61224 | Vaults:1 | Reached skill level 15 in Fighting
 62489 | Vaults:2 | Reached XP level 21. HP: 184/184 MP: 31/31
 62927 | Vaults:2 | Identified the +2 leather armour "Houmeh" {Will- rCorr
                  | Int+2 Dex+3}
 63689 | Vaults:2 | Noticed Sojobo
 63827 | Vaults:2 | Killed Sojobo
 63828 | Vaults:2 | Reached skill level 19 in Fire Magic
 64447 | Vaults:3 | Identified the +6 hunting sling of Cycizim {flame, rN+
                  | Will+ Str+5}
 64797 | Vaults:3 | Reached skill level 15 in Invocations
 65274 | Vaults:3 | Noticed Margery
 65288 | Vaults:3 | Killed Margery
 65428 | Vaults:3 | Found a staircase to the Crypt.
 66258 | Vaults:4 | Noticed Bai Suzhen
 66258 | Vaults:4 | Noticed Boris
 66453 | Vaults:4 | Killed Boris
 67217 | Vaults:3 | Killed Bai Suzhen
 67218 | Vaults:3 | Reached XP level 22. HP: 137/193 MP: 4/33
 69032 | Depths:1 | Entered Level 1 of the Depths
 69035 | Depths:1 | Noticed Boris
 69051 | Depths:1 | Found a flickering gateway to a bazaar.
 69061 | Bazaar   | Entered a bazaar
 69061 | Bazaar   | Found Ciryrin's Weapon Emporium.
 69061 | Bazaar   | Found Fuh Imes's Assorted Antiques.
 69061 | Bazaar   | Found Lohaomest's Magic Scroll Emporium.
 69063 | Bazaar   | Found Hyc Zua's Book Shoppe.
 69068 | Bazaar   | Bought a scroll of blinking for 97 gold pieces
 69068 | Bazaar   | Bought a scroll of teleportation for 39 gold pieces
 69074 | Bazaar   | Bought a translucent steel ring for 75 gold pieces
 69074 | Bazaar   | Identified the ring of Egall {rN+ Int+6} (You bought it in
                  | a shop in a bazaar)
 69074 | Bazaar   | Bought a scroll of blinking for 112 gold pieces
 69077 | Bazaar   | Bought a book of the Wilderness for 342 gold pieces
 69083 | Depths:1 | Found a stormy altar of Qazlal.
 69154 | Depths:1 | Killed Boris
 69396 | Depths:1 | Found a gateway to Hell.
 69619 | Depths:1 | Paralysed by a vampire knight for 4 turns
 70300 | Depths:1 | Cast into level 2 of the Abyss (hell knight)
 70398 | Abyss:2  | Paralysed by an air elemental for 1 turns
 70649 | Abyss:4  | HP: 8/193 [Executioner (2)]
 70664 | Abyss:4  | HP: 6/193 [Executioner (4)]
 70677 | Abyss:4  | HP: 9/193 [Executioner (2)]
 70685 | Abyss:4  | HP: 5/193 [Executioner (7)]
 70685 | Abyss:4  | Slain by an Executioner

Illustrated notes

Levels and vault maps discovered:
D:1:      psy_arrival_conway, layout_basic, serial_shops, shop,
          nicolae_square_shop, shop, nicolae_shop_advertising_works
          [nicolae_subvault_shop_adworks], minmay_hexomino_r4
D:2:      layout_basic, kennysheep_generic_room_5
D:3:      layout_basic, hellmonk_ecumenical_altar_slurped_away, minmay_rat_hole
D:4:      layout_cave_pools, lemuel_crystal_altar, serial_park,
          serial_park_square2, serial_park_square1
          [serial_park_minivault_5x5_8], serial_park_tiny_pond,
          serial_park_square2, serial_park_tiny_pond, grunt_ministairs_7,
          minmay_manual_mares, uniq_robin
D:5:      layout_loops_ring, mainiacjoe_overflow_alcove_4
D:6:      layout_loops_corners, elyvilon_altar_3,
          minmay_temple_entry_glassed_door, nicolae_ossuary_entry_catacombs,
          uniq_edmund, uniq_sigmund, uniq_eustachio
D:7:      layout_cave_pools, zin_purify
D:8:      layout_cave_pools, serial_shops, shop, serial_gnoll_camp,
          gnoll_camp_mini_basic, gnoll_camp_mini_doghouse, gnoll_camp_medium_02,
          gnoll_camp_mini_doghouse, uniq_erica
D:9:      layout_basic
D:10:     layout_cave_pools, serial_shops, nicolae_lakefront_shop, uniq_psyche,
          uniq_grum
D:11:     layout_basic, lair_entry_dummy, enter_trove_1
D:12:     layout_small_grid, hiddenorc2_lemuel, small_statue_alley_a,
          nicolae_ru_great_annihilating_truth, uniq_rupert
D:13:     layout_long_grid, erik_vaults_2, gammafunk_ghost_wrathful_warriors
D:14:     layout_basic, hangedman_abyss_or_decor_stagger
D:15:     grunt_enter_depths_magical_seal, layout_cave_pools, serial_shops,
          bzr_entry_gold, serial_column_ruins, column_ruins_hut_water,
          column_ruins_hut, column_ruins_columns_corner,
          column_ruins_columns_straight, column_ruins_open_small,
          column_ruins_grid_3, nrook_campfire
Temple:   hc_temple_tempest_star
Lair:1:   layout_layer_cave, lemuel_fruit_tree, infiniplex_staircase_pool_2,
          uniq_gastronok
Lair:2:   regret_index_combs_of_tragedy, layout_hall_layers,
          elwin_shoals_entry_rooms, grunt_megastairs_1, uniq_sonja
Lair:3:   kb_forest_paths, layout_hall_layers
Lair:4:   layout_small_grid, hellmonk_spider_entry_life_and_decay, basic_altar,
          gauntlet_entry_generic, grunt_megastairs_3
Lair:5:   layout_roguey, beast_lair_carwin_10, grunt_megastairs_2
Lair:6:   grunt_lair_end_beastmaster, layout_layer_cave,
          nicolae_slime_entry_slimehenge, chequers_serial_rivers_small_3
Shoals:1: layout_shoals, serial_shops, bzr_entry_islet,
          nicolae_shop_bloodbath_and_beyond
Shoals:2: layout_shoals, serial_shops, nicolae_shop_trees,
          ebering_ghost_disaster_area, uniq_aizul, uniq_ilsuiw
Shoals:3: nicolae_shoals_lighthouse, layout_shoals, uniq_polyphemus
Shoals:4: shoals_end_simple, layout_shoals, serial_shops, shop,
          nicolae_shoals_stone_sculpture_thing
Spider:1: layout_spider_delve
Spider:2: spiders_nest_scorpion_pit, portal_ice_cave_entry_ice_statue_one,
          hellmonk_test_site, hangedman_spider_tarantella_strand, uniq_arachne,
          uniq_nikola
Spider:3: layout_spider_delve
Spider:4: floodkiller_spider_rune_tomb
Orc:1:    layout_caves, basic_altar
Orc:2:    grunt_orc_tribal_feast, layout_caves
Elf:1:    minmay_elf_arrival_summoners, layout_loops_corners, serial_shops,
          shop, minmay_elf_annihilation
Elf:2:    elven_hall_of_blades_hangedman_original
          [nicolae_blade_entry_crossed_weapons], layout_loops_corners
Elf:3:    minmay_elf_hall_furrowed, layout_geoelf_octagon
Vaults:1: v_alt_pattern_4, vaults_standard_mumra_lines,
          hangedman_vaults_stitches, hangedman_vaults_corner, v_alt_pattern_2,
          vaults_mumra_minichess, v_misc_28, ontoclasm_vaults_ring_square,
          ontoclasm_vaults_shuriken, vaults_dpeg_hooks,
          grunt_vaults_hallway_short, ontoclasm_vaults_gateway,
          layout_vaults_ring, serial_shops, shop
Vaults:2: nicolae_vaults_network_quinsquares
          [nicolae_vaults_network_quincunx_subvault,
          nicolae_vaults_network_quincunx_subvault,
          nicolae_vaults_network_quincunx_subvault,
          nicolae_vaults_network_quincunx_subvault], vaults_room_semicircle,
          nicolae_vaults_statue_guard, hangedman_vaults_river_flow,
          serial_ice_m, hangedman_vaults_unwind, vaults_dpeg_diagonal,
          vaults_standard_mumra_enter_the_diamond, v_misc_28,
          nicolae_vaults_rhombus_7, layout_vaults_big_room, uniq_sojobo
Vaults:3: nicolae_vaults_little_squares_4, v_misc_17, vaults_dpeg_doors,
          nicolae_vaults_shelves_hall, v_misc_14, layout_vaults_omnigrid,
          minmay_crypt_entry_simple_round, uniq_margery
Vaults:4: vaults_room_door_hall, hangedman_vaults_cutoff, v_misc_18,
          nicolae_vaults_what_the_h, nicolae_vaults_network_barrier,
          nicolae_vaults_little_squares_3, vaults_dpeg_encased_lava,
          nicolae_vaults_triangles, vaults_room_pools, layout_vaults_omnibox,
          uniq_bai_suzhen, uniq_boris
Depths:1: layout_gridlike, serial_shops, bzr_entry_safe, grunt_decor_junction,
          hangedman_coc_ice_floe, minmay_door_square, minivault_22,
          grunt_qazlal_sundering
Abyss:4:  base: D:4, base: Depths:4, evilmike_abyss_exit_mutagenic, base: D:3,
          grunt_abyss_exit_deep_breaths, due_exit_kobolds,
          evilmike_abyss_exit_16, due_evilmike_abyss_rune_seething_liches

Skill      XL: |  1  2  3  4  5  6  7  8  9 10 11 12 13 14 15 16 17 18 19 20 21 22 |
---------------+-------------------------------------------------------------------+-----
Fighting       | 4 5 6 7 8 9 10 11 12 13 14 15 | 15.4
Axes           | 5 6 7 8 9 10 12 13 | 13.7
Armour         | 1 2 3 4 5 6 7 8 9 11 12 13 14 15 | 15.9
Fire Magic     | 4 5 7 8 9 10 11 13 15 16 17 18 19 | 19.1
Spellcasting   | 2 3 4 5 6 7 |  7.1
Conjurations   | 2 4 5 7 8 9 10 11 12 13 14 15 16 17 18 | 18.1
Polearms       | 2 4 6 8 10 | 10.9
Dodging        | 1 3 4 |  4.3
Summonings     | 2 3 4 5 6 7 8 9 11 12 13 | 13.5
Shields        | 3 4 6 7 8 9 10 11 12 | 12.3
Poison Magic   | 4 |  4.5
Invocations    | 4 8 10 12 14 15 16 | 16.0

Action                   |  1- 3 |  4- 6 |  7- 9 | 10-12 | 13-15 | 16-18 | 19-21 | 22-24 || total
-------------------------+-------+-------+-------+-------+-------+-------+-------+-------++-------
Melee: Hand axe          |    85 |   106 |    57 |    22 |     8 |       |    29 |       ||   307
       War axe           |       |       |    61 |     9 |       |       |   585 |   432 ||  1087
       Punch             |       |       |     1 |     6 |     1 |       |       |       ||     8
       Spear             |       |       |     6 |   207 |   808 |  1704 |   957 |       ||  3682
Throw: Dart              |       |       |     1 |     1 |       |       |       |       ||     2
       Boomerang         |       |       |       |     7 |     8 |     1 |       |       ||    16
 Cast: Scorch            |     5 |    21 |   118 |   206 |   175 |    81 |     9 |     5 ||   620
       Mephitic Cloud    |       |       |       |     9 |     6 |     4 |     2 |       ||    21
       Summon Guardian G |       |       |       |     4 |     7 |     2 |       |       ||    13
       Ignite Poison     |       |       |       |     3 |     5 |     3 |       |       ||    11
       Flame Wave        |       |       |       |     9 |    48 |    73 |    61 |    10 ||   201
       Sticky Flame      |       |       |       |     6 |    65 |    83 |    90 |    16 ||   260
       Fireball          |       |       |       |       |       |    23 |    61 |     5 ||    89
       Orb of Destructio |       |       |       |       |       |       |     1 |       ||     1
Invok: Fiery Armour      |       |       |       |       |     2 |       |       |       ||     2
       Upheaval          |       |       |       |       |       |     5 |    15 |     1 ||    21
       Elemental Force   |       |       |       |       |       |     1 |     3 |       ||     4
       Disaster Area     |       |       |       |       |       |     1 |     3 |       ||     4
Evoke: Wand              |       |       |       |       |     2 |     4 |     5 |       ||    11
       Phantom mirror    |       |       |       |       |       |       |     1 |       ||     1
       Condenser vane    |       |       |       |       |       |       |     1 |       ||     1
  Use: Scroll            |       |       |    17 |     2 |    18 |     8 |    15 |     5 ||    65
       Potion            |       |       |       |     2 |     8 |     4 |     8 |     7 ||    29
 Stab: Confused          |       |       |       |     1 |       |     1 |       |       ||     2
       Paralysed         |       |       |       |       |     1 |       |       |       ||     1
       Petrified         |       |       |       |       |     2 |       |       |       ||     2
       Sleeping          |       |       |       |       |     1 |       |       |       ||     1
       Held in net/web   |       |       |       |       |       |     1 |       |       ||     1
       Distracted        |       |       |       |       |       |       |     2 |       ||     2
Armor: Robe              |    28 |    27 |    71 |   167 |    84 |       |       |       ||   377
       Scale mail        |       |       |       |       |   345 |   771 |   707 |   257 ||  2080
Dodge: Dodged            |    52 |    69 |   113 |   249 |   386 |   501 |   448 |   108 ||  1926
       Repelled          |       |       |       |       |       |     9 |    17 |     5 ||    31
Block: Buckler           |       |       |       |       |   153 |    33 |       |       ||   186
       Kite shield       |       |       |       |       |       |  1512 |  1954 |   560 ||  4026
       Reflection        |       |       |       |       |       |    30 |    38 |       ||    68

Table legend: (Time is in decaauts)
 A = Elapsed time spent in this place.
 B = Non-inter-level travel time spent in this place.
 C = Inter-level travel time spent in this place.
 D = Time resting spent in this place.
 E = Time spent auto-exploring this place.
 F = Levels seen in this place.
 G = Mean time per level.
                   A        B        C        D        E       F      G
               +--------+--------+--------+--------+--------+-----+--------+
         Total |  69357 |  63969 |   5388 |   8625 |  35137 |  51 | 1359.9 |
       Dungeon |  21938 |  19079 |   2859 |   1154 |  13505 |  15 | 1462.5 |
        Temple |    347 |    320 |     27 |      0 |    240 |   1 |  347.0 |
          Lair |  12274 |  11438 |    836 |    210 |   8023 |   6 | 2045.7 |
        Shoals |   6422 |   6359 |     63 |    654 |   3928 |   4 | 1605.5 |
   Spider Nest |   8979 |   8341 |    638 |   3278 |   2509 |   4 | 2244.8 |
  Orcish Mines |   2316 |   2047 |    269 |    197 |   1044 |   2 | 1158.0 |
   Elven Halls |   5583 |   5450 |    133 |   1053 |   2150 |   3 | 1861.0 |
        Vaults |   8041 |   7481 |    560 |   1668 |   2824 |   4 | 2010.2 |
        Depths |   1104 |   1104 |      0 |    117 |    483 |   1 | 1104.0 |
         Abyss |   1223 |   1223 |      0 |    128 |      0 |   6 |  203.8 |
        Bazaar |    330 |    330 |      0 |     74 |      0 |   3 |  110.0 |
       Ossuary |    201 |    201 |      0 |      0 |    115 |   1 |  201.0 |
      Gauntlet |    593 |    593 |      0 |     91 |    315 |   1 |  593.0 |
               +--------+--------+--------+--------+--------+-----+--------+

Top non-repeatable levels by time:
Spider:1: 2388 daAuts
Spider:2: 2337 daAuts
  Lair:1: 2325 daAuts
  Lair:5: 2290 daAuts
Spider:3: 2289 daAuts
    D:12: 2260 daAuts
  Lair:2: 2188 daAuts
   Elf:3: 2132 daAuts
  Lair:3: 2128 daAuts
Vaults:2: 2108 daAuts
    D:11: 2063 daAuts
Vaults:3: 2061 daAuts
Vaults:1: 1995 daAuts
   Elf:2: 1965 daAuts
Spider:4: 1964 daAuts
